2907 views
Uploaded 2019-12-01 21:15:20
Game version 1.32.0.3 / 1.32.0.3.1
16:03 long 3on3 ladder game on (6)Monsoon_LV
Saved by BEARAND
2907 views
Uploaded 2019-12-01 21:15:20
Game version 1.32.0.3 / 1.32.0.3.1
16:03 long 3on3 ladder game on (6)Monsoon_LV


49 units @ 3.9k
/ 0k
141 buildings @ 8k
/ 4k



| Scroll of Regeneration | 2 | 200 |
| Mechanical Critter | 2 | 100 |
| Staff of Sanctuary | 1 | 250 |
| Boots of Speed | 3 | 750 |
| Staff of Teleportation | 1 | 150 |
| total: | 9 | 1450g |
| Peasant | 17 | 1275 | / | 0 |
| Priest | 1 | 135 | / | 10 |
| total: | 18 | 1410g | / | 10w |
| Scout Tower | 59 | 1770 | / | 1180 |
| Arcane Tower | 3 | 210 | / | 150 |
| Guard Tower | 11 | 770 | / | 550 |
| Altar of Kings | 1 | 180 | / | 50 |
| Lumber Mill | 1 | 120 | / | 0 |
| Farm | 4 | 320 | / | 80 |
| Arcane Vault | 2 | 260 | / | 60 |
| Town Hall | 1 | 385 | / | 205 |
| Arcane Sanctum | 1 | 150 | / | 140 |
| Keep | 1 | 320 | / | 210 |
| Castle | 1 | 360 | / | 210 |
| total: | 69 | 3185g | / | 1715w |
| 0:02 | Peasant |
| 0:05 | Altar of Kings |
| 0:11 | Peasant |
| 0:18 | Lumber Mill |
| 0:19 | Peasant |
| 0:21 | Farm |
| 0:29 | Peasant |
| 0:47 | Peasant |
| 0:54 | Farm |
| 1:01 | Peasant |
| 1:07 | Scout Tower |
| 1:20 | Scout Tower |
| 1:22 | Peasant |
| 1:28 | Peasant |
| 1:35 | Arcane Tower |
| 1:49 | Arcane Vault |
| 1:59 | Peasant |
| 2:07 | Arcane Tower |
| 2:11 | Storm Bolt |
| 2:18 | Peasant |
| 2:24 | Scout Tower |
| 2:31 | Peasant |
| 2:39 | Improved Masonry |
| 2:47 | Peasant |
| 2:57 | Peasant |
| 3:01 | Scout Tower |
| 3:10 | Peasant |
| 3:23 | Scout Tower |
| 3:24 | Guard Tower |
| 4:04 | Scout Tower |
| 4:04 | Guard Tower |
| 4:05 | Keep |
| 4:19 | Farm |
| 4:37 | Guard Tower |
| 4:40 | Scout Tower |
| 4:40 | Scout Tower |
| 5:10 | Scout Tower |
| 5:10 | Guard Tower |
| 5:14 | Farm |
| 5:57 | Guard Tower |
| 6:13 | Scout Tower |
| 6:13 | Scout Tower |
| 6:44 | Bash |
| 6:52 | Guard Tower |
| 6:57 | Castle |
| 7:01 | Scroll of Regeneration |
| 7:02 | Mechanical Critter |
| 7:04 | Mechanical Critter |
| 7:08 | Guard Tower |
| 7:10 | Scout Tower |
| 7:11 | Scout Tower |
| 7:14 | Scroll of Regeneration |
| 7:21 | Scout Tower |
| 7:52 | Holy Light |
| 8:13 | Guard Tower |
| 8:16 | Scout Tower |
| 8:16 | Scout Tower |
| 8:17 | Guard Tower |
| 8:28 | Advanced Masonry |
| 8:28 | Improved Lumber Harvesting |
| 8:44 | Town Hall |
| 8:46 | Scout Tower |
| 8:46 | Scout Tower |
| 9:08 | Arcane Sanctum |
| 9:11 | Arcane Vault |
| 9:44 | Storm Bolt |
| 9:57 | Divine Shield |
| 10:04 | Boots of Speed |
| 10:18 | Imbued Masonry |
| 10:29 | Arcane Tower |
| 10:31 | Guard Tower |
| 10:44 | Magic Sentry |
| 10:47 | Siphon Mana |
| 11:03 | Staff of Sanctuary |
| 11:15 | Peasant |
| 11:19 | Peasant |
| 11:40 | Staff of Teleportation |
| 11:41 | Boots of Speed |
| 11:57 | Peasant |
| 12:00 | Boots of Speed |
| 12:10 | Scout Tower |
| 12:10 | Scout Tower |
| 12:11 | Scout Tower |
| 12:11 | Scout Tower |
| 12:12 | Scout Tower |
| 12:12 | Scout Tower |
| 12:12 | Scout Tower |
| 12:13 | Scout Tower |
| 12:15 | Scout Tower |
| 12:37 | Guard Tower |
| 12:58 | Priest Adept Training |
| 12:58 | Priest |
| 13:56 | Holy Light |
| 14:05 | Banish |
| 14:50 | Bash |
| 15:19 | Scout Tower |
| 15:20 | Scout Tower |
| 15:21 | Scout Tower |
| 15:21 | Scout Tower |
| 15:21 | Scout Tower |
| 15:22 | Scout Tower |
| 15:22 | Scout Tower |
| 15:23 | Scout Tower |
| 15:23 | Scout Tower |
| 15:23 | Scout Tower |
| 15:24 | Scout Tower |
| 15:25 | Scout Tower |
| 15:25 | Scout Tower |
| 15:26 | Scout Tower |
| 15:26 | Scout Tower |
| 15:26 | Scout Tower |
| 15:27 | Scout Tower |
| 15:27 | Scout Tower |
| 15:28 | Scout Tower |
| 15:28 | Scout Tower |
| 15:29 | Scout Tower |
| 15:29 | Scout Tower |
| 15:29 | Scout Tower |
| 15:30 | Scout Tower |
| 15:30 | Scout Tower |
| 15:31 | Scout Tower |
| 15:31 | Scout Tower |
| 15:32 | Scout Tower |
| 15:33 | Scout Tower |
| 15:33 | Scout Tower |
| 15:33 | Scout Tower |
| 15:34 | Scout Tower |
| Right click | 666 |
| Select group | 559 |
| Assign group | 412 |
| Select | 204 |
| Misc. action | 91 |
| Build/train/purchase | 85 |
| Use ability | 51 |
| Chat | 30 |
| Item give/drop | 7 |



x1)
| Potion of Healing | 1 | 150 |
| Lesser Clarity Potion | 1 | 70 |
| Orb of Fire | 3 | 975 |
| Staff of Sanctuary | 2 | 500 |
| Boots of Speed | 2 | 500 |
| Staff of Teleportation | 1 | 150 |
| Tome of Retraining | 1 | 300 |
| total: | 11 | 2645g |
| Peasant | 15 | 1125 | / | 0 |
| Priest | 1 | 135 | / | 10 |
| total: | 16 | 1260g | / | 10w |
| Scout Tower | 38 | 1140 | / | 760 |
| Arcane Tower | 2 | 140 | / | 100 |
| Guard Tower | 20 | 1400 | / | 1000 |
| Altar of Kings | 1 | 180 | / | 50 |
| Farm | 4 | 320 | / | 80 |
| Lumber Mill | 1 | 120 | / | 0 |
| Arcane Vault | 2 | 260 | / | 60 |
| Town Hall | 2 | 770 | / | 410 |
| Arcane Sanctum | 1 | 150 | / | 140 |
| Keep | 2 | 640 | / | 420 |
| Castle | 1 | 360 | / | 210 |
| total: | 49 | 2940g | / | 1500w |
| 0:02 | Peasant |
| 0:02 | Peasant |
| 0:08 | Altar of Kings |
| 0:18 | Farm |
| 0:27 | Peasant |
| 0:34 | Lumber Mill |
| 0:36 | Peasant |
| 0:45 | Farm |
| 1:07 | Peasant |
| 1:08 | Peasant |
| 1:28 | Scout Tower |
| 1:35 | Scout Tower |
| 1:36 | Peasant |
| 1:37 | Peasant |
| 1:47 | Scout Tower |
| 1:49 | Peasant |
| 1:55 | Arcane Tower |
| 1:57 | Scout Tower |
| 2:00 | Peasant |
| 2:01 | Peasant |
| 2:09 | Summon Water Elemental |
| 2:16 | Guard Tower |
| 2:19 | Peasant |
| 2:22 | Guard Tower |
| 2:25 | Scout Tower |
| 2:27 | Scout Tower |
| 2:41 | Guard Tower |
| 2:45 | Scout Tower |
| 2:45 | Scout Tower |
| 3:18 | Guard Tower |
| 3:18 | Guard Tower |
| 3:22 | Guard Tower |
| 3:24 | Peasant |
| 3:24 | Peasant |
| 3:29 | Scout Tower |
| 3:30 | Scout Tower |
| 4:06 | Guard Tower |
| 4:07 | Keep |
| 4:09 | Farm |
| 4:12 | Farm |
| 4:32 | Guard Tower |
| 4:35 | Scout Tower |
| 4:47 | Improved Masonry |
| 5:03 | Boots of Speed |
| 5:17 | Staff of Teleportation |
| 5:54 | Guard Tower |
| 6:07 | Arcane Vault |
| 6:08 | Arcane Vault |
| 6:38 | Peasant |
| 6:53 | Potion of Healing |
| 6:55 | Lesser Clarity Potion |
| 7:14 | Brilliance Aura |
| 7:15 | Brilliance Aura |
| 7:42 | Town Hall |
| 7:47 | Town Hall |
| 8:06 | Storm Bolt |
| 8:20 | Castle |
| 8:27 | Scout Tower |
| 8:28 | Scout Tower |
| 8:29 | Scout Tower |
| 8:29 | Scout Tower |
| 9:22 | Guard Tower |
| 9:24 | Arcane Sanctum |
| 10:04 | Scout Tower |
| 10:05 | Scout Tower |
| 10:06 | Scout Tower |
| 10:07 | Scout Tower |
| 10:07 | Scout Tower |
| 10:12 | Scout Tower |
| 10:13 | Scout Tower |
| 10:13 | Scout Tower |
| 10:14 | Scout Tower |
| 10:14 | Scout Tower |
| 10:15 | Scout Tower |
| 10:17 | Scout Tower |
| 10:17 | Scout Tower |
| 10:18 | Scout Tower |
| 10:18 | Scout Tower |
| 10:19 | Scout Tower |
| 10:19 | Scout Tower |
| 10:21 | Summon Water Elemental |
| 10:33 | Arcane Tower |
| 10:36 | Advanced Masonry |
| 10:36 | Improved Lumber Harvesting |
| 10:38 | Guard Tower |
| 10:40 | Magic Sentry |
| 10:40 | Priest |
| 10:42 | Bash |
| 11:02 | Tome of Retraining |
| 11:02 | Retrain Hero |
| 11:05 | Boots of Speed |
| 11:23 | Guard Tower |
| 12:11 | Imbued Masonry |
| 12:16 | Holy Light |
| 12:18 | Orb of Fire |
| 12:18 | Staff of Sanctuary |
| 12:20 | Staff of Sanctuary |
| 12:20 | Orb of Fire |
| 12:21 | Orb of Fire |
| 12:43 | Guard Tower |
| 12:43 | Guard Tower |
| 12:46 | Guard Tower |
| 12:47 | Guard Tower |
| 14:40 | Storm Bolt |
| 14:53 | Divine Shield |
| 14:59 | Guard Tower |
| 15:03 | Scout Tower |
| 15:04 | Scout Tower |
| 15:04 | Scout Tower |
| 15:05 | Scout Tower |
| 15:05 | Scout Tower |
| 15:05 | Scout Tower |
| 16:04 | Brilliance Aura |
| Right click | 1131 |
| Select | 327 |
| Build/train/purchase | 199 |
| Select group | 192 |
| Chat | 67 |
| Assign group | 29 |
| Use ability | 27 |
| Misc. action | 21 |
| Item give/drop | 5 |
| Remove unit | 2 |
| Minimap ping | 1 |



| Scroll of Regeneration | 1 | 100 |
| Staff of Sanctuary | 3 | 750 |
| Orb of Fire | 2 | 650 |
| Staff of Teleportation | 3 | 450 |
| Boots of Speed | 3 | 750 |
| Periapt of Vitality | 1 | 325 |
| total: | 13 | 3025g |
| Peasant | 14 | 1050 | / | 0 |
| Priest | 1 | 135 | / | 10 |
| total: | 15 | 1185g | / | 10w |
| Scout Tower | 12 | 360 | / | 240 |
| Arcane Tower | 1 | 70 | / | 50 |
| Guard Tower | 8 | 560 | / | 400 |
| Altar of Kings | 1 | 180 | / | 50 |
| Farm | 4 | 320 | / | 80 |
| Lumber Mill | 1 | 120 | / | 0 |
| Arcane Vault | 3 | 390 | / | 90 |
| Town Hall | 1 | 385 | / | 205 |
| Arcane Sanctum | 1 | 150 | / | 140 |
| Keep | 1 | 320 | / | 210 |
| Castle | 1 | 360 | / | 210 |
| total: | 23 | 1905g | / | 805w |
| 0:03 | Peasant |
| 0:03 | Peasant |
| 0:14 | Altar of Kings |
| 0:16 | Farm |
| 0:20 | Farm |
| 0:21 | Peasant |
| 0:21 | Peasant |
| 0:48 | Lumber Mill |
| 0:53 | Peasant |
| 1:01 | Scout Tower |
| 1:10 | Peasant |
| 1:10 | Peasant |
| 1:25 | Peasant |
| 1:28 | Arcane Tower |
| 1:40 | Scout Tower |
| 1:42 | Peasant |
| 1:43 | Peasant |
| 2:01 | Peasant |
| 2:07 | Scout Tower |
| 2:12 | Guard Tower |
| 2:14 | Summon Water Elemental |
| 2:19 | Peasant |
| 2:19 | Peasant |
| 2:24 | Scout Tower |
| 2:38 | Guard Tower |
| 3:05 | Guard Tower |
| 3:06 | Scout Tower |
| 3:07 | Scout Tower |
| 3:17 | Peasant |
| 3:20 | Improved Masonry |
| 4:03 | Guard Tower |
| 4:05 | Scout Tower |
| 4:06 | Scout Tower |
| 4:07 | Scout Tower |
| 4:08 | Keep |
| 5:05 | Staff of Teleportation |
| 5:05 | Boots of Speed |
| 5:19 | Farm |
| 5:20 | Farm |
| 5:23 | Guard Tower |
| 5:35 | Scout Tower |
| 5:36 | Scout Tower |
| 6:03 | Guard Tower |
| 6:15 | Arcane Vault |
| 6:35 | Guard Tower |
| 6:36 | Scout Tower |
| 6:50 | Brilliance Aura |
| 7:04 | Guard Tower |
| 7:07 | Castle |
| 7:09 | Arcane Sanctum |
| 7:23 | Scroll of Regeneration |
| 7:29 | Town Hall |
| 7:36 | Storm Bolt |
| 7:51 | Advanced Masonry |
| 8:21 | Summon Water Elemental |
| 8:28 | Magic Sentry |
| 8:31 | Arcane Vault |
| 8:32 | Arcane Vault |
| 9:36 | Bash |
| 9:55 | Staff of Teleportation |
| 9:55 | Boots of Speed |
| 10:09 | Imbued Masonry |
| 11:03 | Priest |
| 11:03 | Priest Adept Training |
| 11:09 | Staff of Sanctuary |
| 11:10 | Staff of Sanctuary |
| 11:10 | Staff of Sanctuary |
| 11:13 | Orb of Fire |
| 11:13 | Orb of Fire |
| 11:17 | Holy Light |
| 12:07 | Periapt of Vitality |
| 12:31 | Priest Master Training |
| 12:42 | Boots of Speed |
| 13:49 | Storm Bolt |
| 13:59 | Divine Shield |
| 14:01 | Brilliance Aura |
| 15:41 | Staff of Teleportation |
| Select group | 1140 |
| Right click | 723 |
| Select | 176 |
| Misc. action | 95 |
| Build/train/purchase | 87 |
| Chat | 79 |
| Use ability | 47 |
| Item give/drop | 17 |
| Assign group | 5 |
| Minimap ping | 1 |
/ 1.1k
37 buildings @ 5.7k
/ 1.9k


| Peon | 4 | 300 | / | 0 |
| Grunt | 12 | 2400 | / | 0 |
| Troll Headhunter | 11 | 1540 | / | 220 |
| total: | 27 | 4240g | / | 220w |
| Altar of Storms | 1 | 180 | / | 50 |
| Orc Burrow | 8 | 1280 | / | 320 |
| Barracks | 1 | 180 | / | 50 |
| War Mill | 1 | 205 | / | 0 |
| Great Hall | 1 | 385 | / | 185 |
| Stronghold | 1 | 315 | / | 190 |
| Fortress | 1 | 325 | / | 190 |
| total: | 12 | 2230g | / | 605w |
| 0:06 | Altar of Storms |
| 0:13 | Orc Burrow |
| 0:16 | Peon |
| 0:16 | Peon |
| 1:11 | Orc Burrow |
| 1:30 | Peon |
| 1:32 | Peon |
| 2:06 | Orc Burrow |
| 2:15 | Healing Wave |
| 3:00 | Barracks |
| 4:05 | Grunt |
| 4:05 | Grunt |
| 4:07 | Grunt |
| 4:07 | Grunt |
| 4:09 | Grunt |
| 4:09 | Grunt |
| 4:09 | Grunt |
| 4:09 | Grunt |
| 4:13 | Orc Burrow |
| 4:58 | Stronghold |
| 5:20 | War Mill |
| 7:22 | Berserker Strength |
| 7:26 | Troll Headhunter |
| 7:27 | Troll Headhunter |
| 7:27 | Troll Headhunter |
| 7:27 | Troll Headhunter |
| 7:27 | Troll Headhunter |
| 7:43 | Troll Headhunter |
| 8:18 | Troll Headhunter |
| 8:44 | Orc Burrow |
| 9:19 | Critical Strike |
| 10:32 | Troll Headhunter |
| 10:32 | Troll Headhunter |
| 10:32 | Troll Headhunter |
| 10:34 | Troll Headhunter |
| 10:38 | Grunt |
| 10:39 | Grunt |
| 10:52 | Orc Burrow |
| 10:59 | Grunt |
| 11:02 | Fortress |
| 11:19 | Grunt |
| 13:07 | Great Hall |
| 13:30 | Orc Burrow |
| 14:24 | Orc Burrow |
| Select | 193 |
| Right click | 159 |
| Select group | 57 |
| Build/train/purchase | 34 |
| Assign group | 32 |
| Use ability | 4 |


| Peasant | 7 | 525 | / | 0 |
| Rifleman | 6 | 1230 | / | 180 |
| Footman | 1 | 135 | / | 0 |
| Priest | 3 | 405 | / | 30 |
| Flying Machine | 2 | 200 | / | 60 |
| total: | 19 | 2495g | / | 270w |
| Altar of Kings | 1 | 180 | / | 50 |
| Farm | 7 | 560 | / | 140 |
| Barracks | 3 | 480 | / | 180 |
| Lumber Mill | 1 | 120 | / | 0 |
| Blacksmith | 1 | 140 | / | 60 |
| Arcane Sanctum | 1 | 150 | / | 140 |
| Workshop | 1 | 140 | / | 140 |
| Keep | 1 | 320 | / | 210 |
| total: | 15 | 1770g | / | 710w |
| 0:14 | Peasant |
| 0:14 | Peasant |
| 0:16 | Peasant |
| 0:41 | Altar of Kings |
| 0:53 | Farm |
| 0:55 | Farm |
| 1:09 | Peasant |
| 1:09 | Peasant |
| 1:32 | Barracks |
| 1:41 | Barracks |
| 2:16 | Lumber Mill |
| 2:35 | Defend |
| 2:43 | Blacksmith |
| 3:29 | Banish |
| 3:36 | Rifleman |
| 3:46 | Rifleman |
| 4:26 | Rifleman |
| 4:26 | Rifleman |
| 4:52 | Keep |
| 5:00 | Farm |
| 5:01 | Farm |
| 5:02 | Farm |
| 6:45 | Black Gunpowder |
| 6:47 | Iron Forged Swords |
| 6:55 | Barracks |
| 7:28 | Improved Lumber Harvesting |
| 7:39 | Long Rifles |
| 7:57 | Flame Strike |
| 8:19 | Holy Light |
| 8:42 | Arcane Sanctum |
| 10:02 | Rifleman |
| 10:02 | Rifleman |
| 10:03 | Footman |
| 10:25 | Priest |
| 10:34 | Peasant |
| 10:34 | Peasant |
| 10:53 | Iron Plating |
| 11:12 | Workshop |
| 11:36 | Priest |
| 11:36 | Priest |
| 11:58 | Farm |
| 11:59 | Farm |
| 12:54 | Flying Machine |
| 12:55 | Flying Machine |
| 13:03 | Studded Leather Armor |
| Right click | 206 |
| Select | 166 |
| Build/train/purchase | 32 |
| Use ability | 10 |
| Assign group | 8 |
| Select group | 4 |
| Esc | 3 |


| Peon | 9 | 675 | / | 0 |
| Troll Headhunter | 9 | 1260 | / | 180 |
| Wind Rider | 10 | 2650 | / | 400 |
| Gnoll Brute | 1 | 215 | / | 20 |
| total: | 29 | 4800g | / | 600w |
| Altar of Storms | 1 | 180 | / | 50 |
| Orc Burrow | 5 | 800 | / | 200 |
| War Mill | 1 | 205 | / | 0 |
| Barracks | 1 | 180 | / | 50 |
| Beastiary | 2 | 290 | / | 280 |
| Stronghold | 1 | 315 | / | 190 |
| Fortress | 1 | 325 | / | 190 |
| total: | 10 | 1655g | / | 580w |
| 0:07 | Altar of Storms |
| 0:12 | Orc Burrow |
| 0:14 | Peon |
| 0:14 | Peon |
| 0:32 | Peon |
| 0:47 | Peon |
| 0:57 | War Mill |
| 1:00 | Peon |
| 1:17 | Barracks |
| 1:24 | Peon |
| 1:44 | Orc Burrow |
| 1:53 | Peon |
| 2:08 | Feral Spirit |
| 2:11 | Peon |
| 2:21 | Peon |
| 2:24 | Troll Headhunter |
| 2:49 | Troll Headhunter |
| 2:59 | Troll Headhunter |
| 3:12 | Troll Headhunter |
| 3:28 | Troll Headhunter |
| 3:32 | Orc Burrow |
| 4:31 | Troll Headhunter |
| 4:58 | Troll Headhunter |
| 5:05 | Stronghold |
| 5:29 | Troll Headhunter |
| 5:32 | Chain Lighting |
| 5:40 | Troll Headhunter |
| 6:46 | Orc Burrow |
| 6:49 | Steel Ranged Weapons |
| 7:36 | Gnoll Brute |
| 8:01 | Troll Regeneration |
| 8:03 | Fortress |
| 8:09 | Beastiary |
| 8:29 | Orc Burrow |
| 8:34 | Feral Spirit |
| 9:14 | Steel Armor |
| 9:19 | Beastiary |
| 9:55 | Wind Rider |
| 9:55 | Wind Rider |
| 9:55 | Wind Rider |
| 9:56 | Wind Rider |
| 9:59 | Hex |
| 10:46 | Envenomed Spears |
| 10:47 | Wind Rider |
| 10:47 | Wind Rider |
| 11:34 | Wind Rider |
| 11:34 | Wind Rider |
| 12:08 | Healing Wave |
| 12:28 | Wind Rider |
| 12:28 | Wind Rider |
| 12:58 | Thorium Armor |
| 13:37 | Chain Lighting |
| Right click | 468 |
| Select group | 314 |
| Select | 105 |
| Build/train/purchase | 55 |
| Assign group | 22 |
| Use ability | 11 |
| Remove unit | 1 |
| Esc | 1 |
⇛